 Seeded DCSS version 0.30.1-9-gdf580d7c3d (webtiles) character file.

Game seed: 15660985446129201502 (custom seed)

342 AccursedSamuel the Chopper (level 6, -6/38 HPs)
             Began as a Tengu Monk on Oct 11, 2023.
             Was a Believer of Sif Muna.
             Mangled by Edmund
             ... wielding a +2 heavy dire flail
              (17 damage)
             ... on level 5 of the Dungeon.
             The game lasted 00:03:14 (1788 turns).

AccursedSamuel the Chopper (Tengu Monk)             Turns: 1788, Time: 00:03:15

Health: -6/38      AC:  6    Str: 19    XL:     6   Next: 57%
Magic:  7/7        EV: 17    Int: 13    God:    Sif Muna [**....]
Gold:   224        SH:  0    Dex: 16    Spells: 5/5 levels left

rFire   . . .        a - +0 hand axe
rCold   + . .        d - orb {light}
rNeg    . . .        b - +0 robe
rPois   .            (helmet restricted)
rElec   +            (no cloak)
rCorr   .            (no gloves)
SInv    .            (boots unavailable)
Will    .....        (no amulet)
Stlth   +            e - ring "Fysoa" {rElec rC+ Str+6 Int+2}
HPRegen 0.26/turn    l - +4 ring of protection
MPRegen 0.10/turn

%: no passive effects
@: flying quickly and evasively, glowing, quick
A: beak, talons 3, nimble flight
a: Renounce Religion, Channel Magic


You were on level 5 of the Dungeon.
You worshipped Sif Muna.
Sif Muna was pleased with you.
You visited 1 branch of the dungeon, and saw 5 of its levels.

You collected 224 gold pieces.

Inventory:

Hand Weapons
 a - a +0 hand axe (weapon)
Armour
 b - a +0 robe (worn)
 d - an orb of light (worn)
Jewellery
 e - the ring "Fysoa" (left hand) {rElec rC+ Str+6 Int+2}
   (You acquired it on level 1 of the Dungeon)

   [ring of protection from cold]

   Str:       It affects your strength (+6).
   Int:       It affects your intelligence (+2).
   rC:        It protects you from cold.
   rElec:     It insulates you from electricity.
 l - a +4 ring of protection (right hand)
Scrolls
 f - 2 scrolls of teleportation {unknown}
 j - a scroll of identify {unknown}
 m - a scroll of enchant armour {unknown}
 n - a scroll of noise {unknown}
 p - a scroll of immolation {unknown}
Potions
 c - a potion of ambrosia
 g - a potion of curing {unknown}
 h - 2 potions of magic {unknown}
 i - a potion of heal wounds {unknown}
 k - a potion of flight {unknown}
 o - a potion of degeneration {unknown}
 q - a potion of attraction {unknown}


   Skills:
 + Level 4.0 Fighting
 + Level 6.0 Axes
 + Level 5.0 Dodging
 + Level 0.4 Stealth


You had 5 spell levels left.
You didn't know any spells.
Your spell library contained the following spells:

 Spells                   Type           Power      Damage    Failure   Level
 Cigotuvi's Dreadful Rot  Necr/Pois/Air  0%         N/A       43%         2
 Ignite Poison            Fire/Tmut/Pois 0%         N/A       67%         3
 Dispel Undead            Necr           0%         3d6       97%         4
 Sticky Flame             Conj/Fire      0%         2d3       97%         4
 Death Channel            Necr           0%         N/A       100%        6
 Ignition                 Fire           0%         3d3       100%        8


Dungeon Overview and Level Annotations

Branches:
Dungeon (6/15)
 Temple: D:4-7

Altars:
Sif Muna

Annotations:
D:2 1 runed translucent door, Crazy Yiuf
D:5 Edmund


Innate Abilities, Weirdness & Mutations

You have a beak for a mouth.
You have claws for feet.
Your magical nature lets you fly swiftly and evasively.


Message History

You hit the sleepcap but do no damage. The sleepcap releases spores at you!
You are engulfed in a cloud of soporific spores!
You fall asleep.
The sleepcap releases spores at you.
You wake up.
You hit the sleepcap but do no damage. You claw the sleepcap!
You peck the sleepcap, but do no damage.
The sleepcap is moderately damaged.
The sleepcap completely misses you.
You hit the sleepcap.
You peck the sleepcap, but do no damage.
The sleepcap is heavily damaged.
The sleepcap misses you.
You hit the sleepcap. You claw the sleepcap.
You peck the sleepcap, but do no damage.
The sleepcap is almost destroyed.
The sleepcap barely misses you.
You hit the sleepcap.
You destroy the sleepcap!
Sif Muna accepts your kill.
Your Axes skill increases to level 6!
Found a bubbling coppery potion.
Edmund the Younger comes into view.
He is wielding a +2 heavy dire flail and wearing a +2 chain mail of cold resistance.
Edmund shouts!
Found a viscous emerald potion.
Edmund hits you with a +2 heavy dire flail!
Found a trident.
You hit Edmund but do no damage. You claw Edmund!
You peck Edmund, but do no damage.
Edmund is lightly wounded.
Edmund hits you with a +2 heavy dire flail!
* * * LOW HITPOINT WARNING * * *
You hit Edmund but do no damage. You peck Edmund.
Edmund is lightly wounded.
You hit Edmund but do no damage. You claw Edmund, but do no damage.
Edmund is lightly wounded.
Edmund misses you.
You hit Edmund. You claw Edmund.
Edmund is moderately wounded.
Edmund hits you with a +2 heavy dire flail!
You die...

.........## !......
..........#
##.......
..........#
##........
..........## #...#
...........####..##
...........##>..##
...........#...##
..............##
.......@@....##
.............#
...............#
................#
.............##...
..!..........# #..
......!......# ##
.............)


You could see Edmund.

Vanquished Creatures
  A yak (D:5)
  A howler monkey (D:6)
  A hound (D:6)
  Jessica (D:2)
  A sleepcap (D:5)
  An adder (D:2)
  A shadow imp (D:6)
  A dart slug (D:2)
  6 endoplasms
  2 giant cockroaches (D:2)
  6 goblins
  4 hobgoblins
  5 kobolds
  5 quokkas
  3 ball pythons
  2 bats (D:1)
  7 frilled lizards
  6 rats
  A spectral kobold (D:2)
55 creatures vanquished.

Notes
Turn   | Place    | Note
-------+----------+-------------------------------------------
     0 | D:1      | AccursedSamuel the Tengu Monk began the quest for the Orb.
     0 | D:1      | Reached XP level 1. HP: 14/14 MP: 2/2
    81 | D:1      | Reached XP level 2. HP: 19/19 MP: 3/3
    86 | D:1      | Identified a scroll of acquirement
    86 | D:1      | Acquired the ring "Fysoa" {rElec rC+ Str+6 Int+2}
   375 | D:1      | Reached XP level 3. HP: 13/23 MP: 4/4
  1017 | D:2      | Noticed Jessica
  1024 | D:2      | Killed Jessica
  1025 | D:2      | Reached skill level 4 in Axes
  1026 | D:2      | Reached XP level 4. HP: 23/28 MP: 5/5
  1336 | D:2      | Found a faded altar of an unknown god.
  1368 | D:2      | Prayed at the altar of an unknown god.
  1368 | D:2      | Became a worshipper of Sif Muna the Loreminder
  1368 | D:2      | Reached * piety under Sif Muna
  1368 | D:2      | Reached ** piety under Sif Muna
  1504 | D:2      | Found a runed translucent door.
  1505 | D:2      | Noticed Crazy Yiuf
  1621 | D:3      | You fall into a shaft and drop 3 floors!
  1637 | D:6      | Gained mutation: Your magical nature lets you fly swiftly
                  | and evasively. [Tengu growth]
  1637 | D:6      | Reached XP level 5. HP: 32/33 MP: 6/6
  1666 | D:6      | Reached skill level 5 in Axes
  1690 | D:6      | Noticed a yak
  1690 | D:6      | Noticed a yak
  1690 | D:6      | Noticed a yak
  1709 | D:5      | Entered Level 5 of the Dungeon
  1724 | D:5      | Killed a yak
  1725 | D:5      | Reached skill level 5 in Dodging
  1725 | D:5      | Reached XP level 6. HP: 24/38 MP: 7/7
  1770 | D:5      | Reached skill level 6 in Axes
  1779 | D:5      | Noticed Edmund
  1788 | D:5      | Mangled by Edmund

Illustrated notes

Levels and vault maps discovered:
D:1:      minmay_arrival_pointy, layout_loops_ring, minmay_gold_behind_fungi
D:2:      layout_basic, dreamdust_ecumenical_altar_drowned_temple,
          hangedman_decor_clover_reticule, fountainhead,
          uniq_crazy_yiuf_cottage, uniq_jessica
D:3:      layout_loops_ring, general_overflow_altar, serial_bayou_pond_d
D:5:      layout_layer_cave, mainiacjoe_overflow_small_starburst,
          elyvilon_altar_1, serial_demonic, serial_demonic_e, serial_demonic_b,
          serial_demonic_e, serial_demonic_a, serial_demonic_e,
          serial_demonic_e, serial_demonic_g, serial_demonic_a,
          serial_demonic_d, serial_demonic_g, uniq_edmund
D:6:      layout_basic, nicolae_uskayaw_suspiria, ebering_ghost_rock_garden,
          minivault_22, uniq_menkaure

Skill      XL: |  1  2  3  4  5  6 |
---------------+-------------------+-----
Axes           | 4 5 6 |  6.0
Dodging        | 4 5 |  5.0
Fighting       | 4 |  4.0
Stealth        | |  0.4

Action                     |  1- 3 |  4- 6 || total
---------------------------+-------+-------++-------
  Melee: Hand axe          |    42 |    70 ||   112
         Kick              |    11 |    28 ||    39
         Peck              |     5 |    12 ||    17
    Use: Scroll            |     1 |       ||     1
 Armour: Robe              |     4 |    13 ||    17
  Dodge: Dodged            |    19 |    58 ||    77
